 Dungeon Crawl Stone Soup version 0.32-a0-818-gb728d0252e (webtiles) character file.

Game seed: 17774034746309520301

308 AstroCodex24 the Chopper (level 6, -10/47 HPs)
             Began as a Vampire Fighter on Mar 23, 2024.
             Mangled by Edmund
             ... wielding a +0 heavy flail
              (14 damage)
             ... on level 5 of the Dungeon.
             The game lasted 00:03:44 (741 turns).

AstroCodex24 the Chopper (Vampire Fighter)           Turns: 741, Time: 00:03:45

Health: -10/47     AC:  8    Str: 17    XL:     6   Next: 17%
Magic:  6/6        EV: 13    Int: 13    God:
Gold:   12         SH:  4    Dex: 13    Spells: 5/5 levels left

rFire   . . .        a - +0 war axe
rCold   . . .        c - +0 buckler
rNeg    . . .        b - +0 scale mail
rPois   .            (no helmet)
rElec   .            (no cloak)
rCorr   .            (no gloves)
SInv    +            m - +0 pair of boots
Will    .....        (no amulet) Stlth
                     e - +5 ring of evasion
HPRegen 0.47/turn    l - ring "Negurid" {Wiz Int+2}
MPRegen 0.10/turn

%: wizardry (x1)
@: healing quickly
A: alive, fangs 3, see invisible, vampiric 2
a: Exsanguinate


You were on level 5 of the Dungeon.
You visited 1 branch of the dungeon, and saw 5 of its levels.

You collected 12 gold pieces.

Inventory:

Hand Weapons
 a - a +0 war axe (weapon)
 k - a +3 dagger
Armour
 b - a +0 scale mail (worn)
 c - a +0 buckler (worn)
 m - a +0 pair of boots (worn)
Jewellery
 e - a +5 ring of evasion (left hand)
 l - the ring "Negurid" (right hand) {Wiz Int+2}
   (You found it on level 4 of the Dungeon)

   [ring of wizardry]

   Wiz:       It improves your spell success rate.
   Int+2:     It affects your intelligence (+2).
Scrolls
 f - 5 scrolls of identify {unknown}
 i - a scroll of revelation {unknown}
 n - a scroll of enchant armour {unknown}
Potions
 d - a potion of might
 g - a potion of heal wounds {unknown}
 h - a potion of berserk rage {unknown}
 j - a potion of curing {unknown}


   Skills:
 + Level 3.5 Fighting
 + Level 4.0 Axes
 + Level 3.2 Armour
 + Level 1.5 Dodging
 + Level 3.5 Shields


You had 5 spell levels left.
You didn't know any spells.
Your spell library was empty.

Dungeon Overview and Level Annotations

Branches:
Dungeon (5/15)
 Temple: D:4-7

Altars:

Annotations:
D:5 Edmund


Innate Abilities, Weirdness & Mutations

Your natural rate of healing is accelerated.
You have razor-sharp teeth.
You have supernaturally acute eyesight. (SInv)
You are afflicted with vampirism and can become a bat while bloodless.


Message History

m - a +0 pair of boots
n - a scroll labelled WELAMO FAERGH You start putting on your armour.
You continue putting on your +0 pair of boots. x4
You finish putting on your +0 pair of boots.
Edmund the Younger comes into view.
He is wielding a +0 heavy flail and wearing a +8 chain mail of ponderousness.
Edmund shouts!
Edmund hits you but does no damage.
You hit Edmund but do no damage. You bite Edmund, but do no damage.
Edmund misses you.
You hit Edmund but do no damage. You hit Edmund but do no damage.
Edmund hits you with a +0 heavy flail!
You slash Edmund! Your bite misses Edmund.
Edmund is moderately wounded.
Edmund closely misses you.
You hit Edmund but do no damage.
Edmund is moderately wounded.
Edmund barely misses you.
You hit Edmund but do no damage.
Edmund is moderately wounded.
Edmund misses you.
You barely miss Edmund.
Edmund is moderately wounded.
Edmund hits you with a +0 heavy flail!
* * * LOW HITPOINT WARNING * * *
You completely miss Edmund. You bite Edmund.
Edmund is moderately wounded.
Edmund misses you.
You hit Edmund but do no damage.
Edmund is moderately wounded.
Edmund barely misses you.
You hit Edmund. You bite Edmund, but do no damage.
Edmund is heavily wounded.
Edmund hits you with a +0 heavy flail.
* * * LOW HITPOINT WARNING * * *
You barely miss Edmund.
Edmund is heavily wounded.
Edmund hits you with a +0 heavy flail!
You die...
Edmund says, "That'll show my brother!"

..##......... ..#
...######.....# ....
.....#.#......# ....##
#............. ......#
##.###....#... .....
##...##.......# . ...
##..............
#...##.##..............#
#....@@................
###......##.##........#
###....#......###...#
#...##.....## ##.##
#....##.#..# ###
#....####.## ##...# ###
#####


You could see Edmund.

Vanquished Creatures
  A phantom (D:4)
  A scorpion (D:5)
  2 hounds (D:5)
  An orc priest (D:5)
  An orc wizard (D:5)
  4 adders
  5 orcs
  4 goblins
  2 hobgoblins
  2 kobolds
  A quokka (D:5)
  2 bats (D:2)
  A rat (D:2)
27 creatures vanquished.

Notes
Turn   | Place    | Note
-------+----------+-------------------------------------------
     0 | D:1      | AstroCodex24 the Vampire Fighter began the quest for the
                  | Orb.
     0 | D:1      | Reached XP level 1. HP: 17/17 MP: 1/1
   222 | D:2      | Found a faded altar of an unknown god.
   285 | D:3      | Reached XP level 2. HP: 17/23 MP: 2/2
   295 | D:3      | Reached skill level 2 in Axes
   338 | D:4      | Noticed a phantom
   365 | D:4      | Killed a phantom
   366 | D:4      | Gained mutation: You are afflicted with vampirism and can
                  | become a bat while bloodless. [Vampire growth]
   366 | D:4      | Reached XP level 3. HP: 18/29 MP: 3/3
   366 | D:4      | Reached XP level 4. HP: 22/35 MP: 4/4
   372 | D:4      | Identified the ring "Negurid" {Wiz Int+2}
   462 | D:4      | Reached skill level 3 in Axes
   484 | D:5      | Entered Level 5 of the Dungeon
   496 | D:5      | Reached skill level 1 in Dodging
   496 | D:5      | Reached XP level 5. HP: 35/40 MP: 5/5
   644 | D:5      | Reached skill level 4 in Axes
   644 | D:5      | Reached XP level 6. HP: 37/47 MP: 6/6
   727 | D:5      | Noticed Edmund
   741 | D:5      | Mangled by Edmund

Illustrated notes

Levels and vault maps discovered:
D:1:      lightli_arrival_maybe_door_vault, layout_loops_cross,
          amcnicky_mini_corridor_feature, minmay_tripent
D:2:      layout_rooms, ebering_ecumenical_altar_box, minmay_misc_feat_chi
D:3:      layout_rooms
D:4:      layout_basic, minmay_temple_entry_junction_2
D:5:      layout_cave_pools, kennysheep_mini_moat, uniq_edmund

Skill      XL: |  1  2  3  4  5 |
---------------+----------------+-----
Fighting       | 3 |  3.5
Axes           | 2 3 4 |  4.0
Shields        | 3 |  3.5
Armour         | 3 |  3.2
Dodging        | 1 |  1.5

Action                     |  1- 3 |  4- 6 || total
---------------------------+-------+-------++-------
  Melee: War axe           |    55 |    90 ||   145
         Bite              |     5 |     9 ||    14
 Armour: Scale mail        |    40 |    78 ||   118
  Dodge: Dodged            |    50 |    84 ||   134
  Block: Buckler           |    28 |    19 ||    47

Table legend: (Time is in decaauts)
 A = Elapsed time spent in this place.
 B = Non-inter-level travel time spent in this place.
 C = Inter-level travel time spent in this place.
 D = Time resting spent in this place.
 E = Time spent auto-exploring this place.
 F = Levels seen in this place.
 G = Mean time per level.
                   A        B        C        D        E       F      G
               +--------+--------+--------+--------+--------+-----+--------+
         Total |    796 |    796 |      0 |      0 |      0 |   5 |  159.2 |
       Dungeon |    796 |    796 |      0 |      0 |      0 |   5 |  159.2 |
               +--------+--------+--------+--------+--------+-----+--------+

Top non-repeatable levels by time:
     D:5: 276 daAuts
     D:2: 198 daAuts
     D:4: 168 daAuts
     D:3: 84 daAuts
     D:1: 68 daAuts
